 Dungeon Crawl Stone Soup version 0.27.1-1-g398f81649c (webtiles) character file.

Game seed: 10516820268732449610

1663 MisterFreud the Shield-Bearer (level 9, 0/71 (72) HPs)
             Began as a Gnoll Fighter on Sept 10, 2021.
             Was a Priest of Kikubaaqudgha.
             Slain by Crazy Yiuf (11 damage)
             ... on level 6 of the Dungeon.
             The game lasted 00:09:51 (8142 turns).

MisterFreud the Shield-Bearer (Gnoll Fighter)       Turns: 8142, Time: 00:09:53

HP:   0/71 (72)     AC:  9    Str: 15    XL:     9   Next: 1%
MP:   14/14         EV:  9    Int: 12    God:    Kikubaaqudgha [***...]
Gold: 270           SH: 15    Dex: 11    Spells: 15/15 levels left

rFire    . . .     SeeInvis .   m - +2 spear (vamp)
rCold    . . .     Faith    .   c - +0 kite shield
rNeg     + . .     Spirit   .   b - +0 scale mail
rPois    +         Reflect  +   (no helmet)
rElec    .         Harm     .   s - scarf {+Inv}
rCorr    .         Rampage  .   j - +0 pair of gloves
Will     .....                  (no boots)
Stlth    +.........             f - amulet of reflection
HPRegen  0.21/turn              i - ring of poison resistance
MPRegen  0.14/turn              p - ring of positive energy

@: lethally poisoned (0 -> -10), lightly drained
A: fangs 1, strong nose, distributed training
a: Renounce Religion, Evoke Invisibility, Receive Corpses


You were on level 6 of the Dungeon.
You worshipped Kikubaaqudgha.
Kikubaaqudgha was most pleased with you.
You visited 1 branch of the dungeon, and saw 7 of its levels.

You collected 270 gold pieces.

Inventory:

Hand Weapons
 a - a +1 rapier
 m - a +2 vampiric spear (weapon)
Missiles
 l - 2 boomerangs (quivered)
 o - 14 poisoned darts
Armour
 b - a +0 scale mail (worn)
 c - a +0 kite shield (worn)
 j - a +0 pair of gloves (worn)
 s - a scarf of invisibility (worn)
Jewellery
 f - an amulet of reflection (around neck)
 i - a ring of poison resistance (left hand)
 p - a ring of positive energy (right hand)
Wands
 g - a wand of flame (22)
 h - a wand of polymorph (6)
 u - a wand of paralysis (6)
Scrolls
 t - a scroll of fog {unknown}
Potions
 d - 2 potions of cancellation {unknown}
 e - a potion of ambrosia
 k - a potion of magic
 n - a potion of berserk rage
 q - 2 potions of attraction
 r - a potion of brilliance


   Skills:
 + Level 7.6 Fighting
 + Level 6.0 Short Blades
 + Level 3.7 Long Blades
 + Level 3.7 Axes
 + Level 3.7 Maces & Flails
 + Level 3.7 Polearms
 + Level 3.7 Staves
 + Level 3.7 Slings
 + Level 3.7 Bows
 + Level 3.7 Crossbows
 + Level 3.7 Throwing
 + Level 7.6 Armour
 + Level 3.7 Dodging
 + Level 3.7 Stealth
 + Level 7.6 Shields
 + Level 3.7 Unarmed Combat
 + Level 3.7 Spellcasting
 + Level 3.1 Conjurations
 + Level 3.1 Hexes
 + Level 3.1 Summonings
 + Level 3.1 Necromancy
 + Level 3.1 Translocations
 + Level 3.1 Transmutations
 + Level 3.1 Fire Magic
 + Level 3.1 Ice Magic
 + Level 3.1 Air Magic
 + Level 3.1 Earth Magic
 + Level 3.1 Poison Magic
 + Level 4.1 Invocations
 + Level 3.7 Evocations


You had 15 spell levels left.
You didn't know any spells.
Your spell library contained the following spells:

 Spells                   Type           Power      Damage    Failure   Level
 Magic Dart               Conj           36%        1d4       47%         1
 Pain                     Necr           36%        1d5       47%         1
 Call Imp                 Summ           9%         N/A       63%         2
 Corpse Rot               Necr/Air       N/A        N/A       63%         2
 Sublimation of Blood     Necr           4%         N/A       63%         2
 Mephitic Cloud           Conj/Pois/Air  9%         N/A       85%         3
 Vampiric Draining        Necr           4%         2d6       85%         3
 Animate Dead             Necr           4%         N/A       99%         4
 Dispel Undead            Necr           9%         3d8       99%         4
 Agony                    Necr           9%         N/A       100%        5
 Excruciating Wounds      Necr           4%         N/A       100%        5
 Iskenderun's Battlesphe  Conj           9%         2d6       100%        5
 Death Channel            Necr           4%         N/A       100%        6
 Dispersal                Tloc           4%         N/A       100%        6
 Iron Shot                Conj/Erth      4%         9d2       100%        6
 Spellforged Servitor     Conj/Summ      4%         N/A       100%        7
 Disjunction              Tloc           4%         N/A       100%        8


Dungeon Overview and Level Annotations

Branches:
Dungeon (7/15)
 Temple: D:4-7

Altars:
Gozag
Hepliaklqana
Kikubaaqudgha

Shops:
D:4 [

Annotations:
D:4 Dowan, Duvessa
D:6 Crazy Yiuf


Innate Abilities, Weirdness & Mutations

You have very sharp teeth.
Your uncanny sense of smell can sniff out nearby items.
Your experience applies equally to all skills.


Message History

You completely miss Crazy Yiuf. Your bite misses Crazy Yiuf.
Crazy Yiuf is heavily wounded.
Crazy Yiuf hits you with a +4 quarterstaff of chaos!
You partially resist.
You feel drained.
You closely miss Crazy Yiuf.
Crazy Yiuf is heavily wounded.
You block Crazy Yiuf's attack.
You hit Crazy Yiuf.
You feel better.
Crazy Yiuf is heavily wounded.
You block Crazy Yiuf's attack.
You hit Crazy Yiuf but do no damage.
Crazy Yiuf is heavily wounded.
You block Crazy Yiuf's attack.
Your shield and scale mail prevent you from hitting Crazy Yiuf.
Crazy Yiuf is heavily wounded.
Crazy Yiuf laughs, "Ice!
Candle sallow koolooloo."
Crazy Yiuf barely misses you.
You hit Crazy Yiuf but do no damage.
Crazy Yiuf is heavily wounded.
Crazy Yiuf laughs, "Tosser!"
You block Crazy Yiuf's attack.
You hit Crazy Yiuf but do no damage.
Crazy Yiuf is heavily wounded.
Crazy Yiuf hits you with a +4 quarterstaff of chaos!
* * * LOW HITPOINT WARNING * * *
You are poisoned.
You hit Crazy Yiuf but do no damage.
Crazy Yiuf is heavily wounded.
* * * LOW HITPOINT WARNING * * *
You feel very sick. You block Crazy Yiuf's attack.
You hit Crazy Yiuf.
Crazy Yiuf is almost dead.
* * * LOW HITPOINT WARNING * * *
You feel very sick.
Crazy Yiuf flaps his cloak.
You block Crazy Yiuf's attack.
Crazy Yiuf hits you with a +4 quarterstaff of chaos!
You die...
Kikubaaqudgha rasps: "You have failed me!
Welcome... death!"

...# ##........##
##..##.# ##.##
##...)..## #..##.#
#..## #......#
#..#### ##..###
######## #..# #....#
#..# ##....#######
#.## ###
#...##....#.###*####
#.####.#
##..##......#..##...#
#.....##
...##......####.@g..#
##....# .<.##.....##
###..)# #.....#
#......#### *####
#[....# .......#
#.....# .....###
#.....# ###..#
##############.....#
# #..#
#..................#
##.#
#.......####.......##
#.## #.......#
#........#


You could see Crazy Yiuf.

Vanquished Creatures
  Prince Ribbit (D:5)
  A water moccasin (D:5)
  3 sky beasts
  2 ogres
  2 centaurs (D:6)
  3 phantoms
  A gnoll sergeant (D:5)
  A wyvern skeleton (D:6)
  4 jellies
  4 hounds
  2 iguanas
  An orc wizard (D:5)
  5 gnolls
  3 adders
  2 white imps (D:6)
  A worm (D:2)
  A dart slug (D:4)
  7 orcs
  2 endoplasms
  3 giant cockroaches
  3 goblins
  6 hobgoblins
  4 jackals (D:1)
  5 kobolds
  A quokka (D:2)
  12 ball pythons
  2 bats (D:1)
  2 frilled lizards
  6 rats
90 creatures vanquished.

Vanquished Creatures (others)
  A kobold (D:3)
  A fungus (D:1)
  2 plants (D:1)
4 creatures vanquished.

Grand Total: 94 creatures vanquished

Notes
Turn   | Place    | Note
-------+----------+-------------------------------------------
     0 | D:1      | MisterFreud the Gnoll Fighter began the quest for the Orb.
     0 | D:1      | Reached XP level 1. HP: 23/23 MP: 1/1
    16 | D:1      | Found a faded altar of an unknown god.
    63 | D:1      | Became a worshipper of Kikubaaqudgha
    63 | D:1      | Reached * piety under Kikubaaqudgha
    63 | D:1      | Received a gift from Kikubaaqudgha
   132 | D:1      | Reached XP level 2. HP: 19/29 MP: 2/2
   477 | D:1      | Reached ** piety under Kikubaaqudgha
   629 | D:1      | Reached XP level 3. HP: 35/35 MP: 3/3
  1854 | D:2      | Reached skill level 1 in Invocations
  1918 | D:3      | Reached skill level 1 in Long Blades
  1918 | D:3      | Reached skill level 1 in Axes
  1918 | D:3      | Reached skill level 1 in Maces & Flails
  1918 | D:3      | Reached skill level 1 in Polearms
  1918 | D:3      | Reached skill level 1 in Staves
  1918 | D:3      | Reached skill level 1 in Slings
  1918 | D:3      | Reached skill level 1 in Bows
  1918 | D:3      | Reached skill level 1 in Crossbows
  1918 | D:3      | Reached skill level 1 in Throwing
  1918 | D:3      | Reached skill level 1 in Dodging
  1918 | D:3      | Reached skill level 1 in Stealth
  1918 | D:3      | Reached skill level 1 in Unarmed Combat
  1918 | D:3      | Reached skill level 1 in Spellcasting
  1918 | D:3      | Reached skill level 1 in Evocations
  1918 | D:3      | Reached XP level 4. HP: 26/41 MP: 5/5
  2692 | D:4      | Found a hazy altar of Hepliaklqana.
  2788 | D:4      | Noticed an ogre
  2798 | D:4      | Killed an ogre
  2799 | D:4      | Reached skill level 1 in Conjurations
  2799 | D:4      | Reached skill level 1 in Hexes
  2799 | D:4      | Reached skill level 1 in Summonings
  2799 | D:4      | Reached skill level 1 in Necromancy
  2799 | D:4      | Reached skill level 1 in Translocations
  2799 | D:4      | Reached skill level 1 in Transmutations
  2799 | D:4      | Reached skill level 1 in Fire Magic
  2799 | D:4      | Reached skill level 1 in Ice Magic
  2799 | D:4      | Reached skill level 1 in Air Magic
  2799 | D:4      | Reached skill level 1 in Earth Magic
  2799 | D:4      | Reached skill level 1 in Poison Magic
  2799 | D:4      | Reached XP level 5. HP: 47/47 MP: 5/7
  2838 | D:4      | Noticed a phantom
  2873 | D:4      | Killed a phantom
  2874 | D:4      | Reached XP level 6. HP: 21/53 MP: 8/8
  3101 | D:4      | Found Fug Eqid's Armour Boutique.
  3630 | D:5      | Entered Level 5 of the Dungeon
  3658 | D:5      | Noticed a water moccasin
  3669 | D:5      | Killed a water moccasin
  3670 | D:5      | Reached skill level 5 in Short Blades
  3896 | D:5      | Reached XP level 7. HP: 43/59 MP: 10/10
  3996 | D:5      | Noticed Prince Ribbit
  4362 | D:5      | Noticed Duvessa
  4362 | D:5      | Noticed Dowan
  4449 | D:5      | Killed Prince Ribbit
  5203 | D:5      | Found an opulent altar of Gozag.
  5481 | D:6      | Reached XP level 8. HP: 50/67 MP: 12/12
  5613 | D:6      | Reached *** piety under Kikubaaqudgha
  5613 | D:6      | Received a gift from Kikubaaqudgha
  6758 | D:6      | HP: 1/67 [phantom (6)]
  7571 | D:6      | Found a runed translucent door.
  7572 | D:6      | Noticed Crazy Yiuf
  8085 | D:6      | Reached XP level 9. HP: 72/72 MP: 14/14
  8142 | D:6      | Slain by Crazy Yiuf

Illustrated notes

Levels and vault maps discovered:
D:1:      scummos_arrival_forest, layout_basic,
          dreamdust_ecumenical_altar_grove, corexii_corridor_pit,
          kennysheep_pointless_box
D:2:      layout_loops_ring, nicolae_underground_beach
D:3:      layout_basic, kennysheep_generic_room_13
D:4:      layout_basic, kennysheep_mini, serial_shops, shop_statue,
          kennysheep_generic_room_11
D:5:      layout_loops_ring, mainiacjoe_overflow_catwalk, uniq_prince_ribbit1,
          uniq_duvessa
D:6:      layout_layer_cave, kennysheep_generic_room_12, uniq_crazy_yiuf_cottage
D:7:      layout_basic, minmay_temple_entry_poolview, gammafunk_ghost_split,
          minivault_23, david_defended_altar_orc

Skill      XL: |  1  2  3  4  5  6  7  8 |
---------------+-------------------------+-----
Invocations    | 1 2 3 4 |  4.1
Long Blades    | 1 2 3 |  3.7
Axes           | 1 2 3 |  3.7
Maces & Flails | 1 2 3 |  3.7
Polearms       | 1 2 3 |  3.7
Staves         | 1 2 3 |  3.7
Slings         | 1 2 3 |  3.7
Bows           | 1 2 3 |  3.7
Crossbows      | 1 2 3 |  3.7
Throwing       | 1 2 3 |  3.7
Dodging        | 1 2 3 |  3.7
Stealth        | 1 2 3 |  3.7
Unarmed Combat | 1 2 3 |  3.7
Spellcasting   | 1 2 3 |  3.7
Evocations     | 1 2 3 |  3.7
Conjurations   | 1 2 3 |  3.1
Hexes          | 1 2 3 |  3.1
Summonings     | 1 2 3 |  3.1
Necromancy     | 1 2 3 |  3.1
Translocations | 1 2 3 |  3.1
Transmutations | 1 2 3 |  3.1
Fire Magic     | 1 2 3 |  3.1
Ice Magic      | 1 2 3 |  3.1
Air Magic      | 1 2 3 |  3.1
Earth Magic    | 1 2 3 |  3.1
Poison Magic   | 1 2 3 |  3.1
Short Blades   | 5 6 |  6.0
Fighting       | 7 |  7.6
Armour         | 7 |  7.6
Shields        | 7 |  7.6

Action                   |  1- 3 |  4- 6 |  7- 9 || total
-------------------------+-------+-------+-------++-------
Melee: Rapier            |   116 |   122 |   248 ||   486
       Bite              |     6 |    13 |    25 ||    44
       Spear             |       |       |    49 ||    49
Throw: Boomerang         |       |     4 |    11 ||    15
       Dart              |       |       |     3 ||     3
Evoke: Wand              |       |       |     1 ||     1
  Use: Scroll            |       |       |     9 ||     9
       Potion            |       |       |     1 ||     1
 Stab: Paralysed         |       |       |     1 ||     1
Armor: Scale mail        |    30 |    20 |    84 ||   134
Dodge: Dodged            |    22 |    16 |    75 ||   113
Block: Kite shield       |    92 |    83 |   239 ||   414
       Reflection        |     2 |     1 |    11 ||    14
